AoeStats
← Sir_Brouzi

Fortress

509141209Analyzed
2v2 RM · 5d ago on Sep 25, 2026· 47m 42s· 4 players
Game mode
Random Map
Map size
Normal (6 player)
Population
200
Speed
Normal
Resources
Standard
Victory
Conquest
Starting age
Dark Age
Ending age
Imperial Age
RankedLock teamsTeams togetherTeam positionsShared explorationLock speedFull tech treeHidden civsTurbo modeCheats
Victory
Defeat
🇫🇷 Persians · France
1145
+13
🇺🇸 Saxons · United States
1118
+14
🇮🇪 Hindustanis · Ireland
1107
-14
🇮🇳 Khmer · India
1059
-13
Muad Quim
0:38 Loom
5:25 Feudal Age
6:01 Double-Bit Axe
14:31 Castle Age
14:04 Fletching
14:15 Scale Mail Armor
14:44 Town Watch
15:35 Wheelbarrow
18:41 Bow Saw
19:10 Horse Collar
21:33 Gold Mining
22:17 Forging
22:49 Heavy Plow
24:43 Hand Cart
25:13 Stone Mining
25:58 Gold Shaft Mining
29:13 Imperial Age
28:27 Ballistics
28:24 Chain Mail Armor
28:44 Iron Casting
28:09 Bodkin Arrow
28:38 Masonry
28:11 Treadmill Crane
28:41 Guard Tower
28:48 Murder Holes
29:07 Fortified Wall
29:17 Pikeman
29:57 Squires
31:30 Conscription
32:07 Onager
32:32 Shield Wall
33:51 Plate Mail Armor
34:11 Siege Engineers
34:16 Bracer
34:59 Sanctity
34:56 Block Printing
34:29 Elite Hearth Troop
37:22 Herbal Medicine
38:26 Arson
38:07 Elite Varangian Guard
40:18 Architecture
40:50 Chemistry
40:26 Keep
39:37 Arrowslits
40:14 Caravan
40:45 Coinage
40:25 Guilds
46:17 Banking
46:55 Two-Man Saw
46:52 Gambesons
46:28 Halberdier
Sir_Brouzi
5:58 Loom
7:43 Feudal Age
12:26 Castle Age
10:24 Double-Bit Axe
11:30 Horse Collar
13:51 Heavy Plow
18:56 Bloodlines
19:06 Gold Mining
20:02 Stone Mining
21:56 Wheelbarrow
22:35 Bow Saw
23:43 Hand Cart
25:22 Scale Barding Armor
25:27 Forging
26:25 Chain Barding Armor
26:40 Kamandaran
27:34 Iron Casting
26:50 Fletching
27:00 Padded Archer Armor
29:04 Gold Shaft Mining
29:08 Stone Shaft Mining
29:00 Husbandry
29:38 Bodkin Arrow
29:52 Thumb Ring
29:09 Crossbowman
30:53 Leather Archer Armor
30:38 Scale Mail Armor
34:04 Imperial Age
33:43 Ballistics
34:19 Chain Mail Armor
33:44 Cavalier
33:45 Light Cavalry
35:47 Chemistry
35:52 Blast Furnace
35:27 Plate Barding Armor
36:42 Two-Man Saw
36:08 Conscription
35:37 Savar
36:29 Hussar
37:24 Onager
41:19 Ring Archer Armor
41:20 Plate Mail Armor
47:01 Crop Rotation
SlothPeek
6:00 Loom
7:46 Feudal Age
13:12 Castle Age
12:03 Horse Collar
12:10 Double-Bit Axe
14:55 Bow Saw
16:54 Heavy Plow
18:37 Wheelbarrow
20:43 Hand Cart
22:04 Town Watch
22:15 Stone Mining
22:15 Gold Mining
26:45 Imperial Age
25:12 Bloodlines
25:04 Husbandry
25:26 Fletching
26:53 Bodkin Arrow
27:04 Scale Barding Armor
27:10 Forging
27:07 Grand Trunk Road
28:50 Stone Shaft Mining
28:51 Gold Shaft Mining
28:42 Ballistics
28:18 Murder Holes
28:34 Masonry
28:30 Heavy Camel Rider
29:14 Bracer
29:49 Iron Casting
29:35 Chain Barding Armor
30:22 Imperial Camel Rider
31:16 Siege Engineers
31:25 Fortified Wall
33:40 Shatagni
34:16 Hoardings
34:26 Plate Barding Armor
34:52 Blast Furnace
35:40 Chemistry
41:37 Coinage
41:08 Caravan
42:27 Devotion
Sir HousedALot
7:00 Feudal Age
11:48 Castle Age
9:54 Double-Bit Axe
10:43 Horse Collar
12:51 Bow Saw
13:25 Wheelbarrow
14:58 Heavy Plow
17:50 Town Watch
25:06 Imperial Age
24:12 Bloodlines
24:03 Husbandry
24:38 Stone Mining
24:39 Gold Mining
25:11 Hand Cart
26:02 Scale Barding Armor
26:08 Forging
26:25 Conscription
32:53 Chain Barding Armor
34:27 Plate Barding Armor
34:00 Double Crossbow
35:24 Light Cavalry
38:22 Chemistry
39:15 Ballistics
Connection lost

Rejoining the realm…

Still unreachable

The connection could not be restored.

Session expired

The server has moved on; the page needs a fresh start.